[Event "Titled Tuesday Blitz August 3 2021"]
[White "Ivanchuk, Vasyl"]
[Black "Ulko, Jaroslav"]
[WhiteFideId "14100010"]
[BlackFideId "4116658"]
[WhiteElo "2710"]
[BlackElo "2304"]
[Result "0-1"]
[Round "11"]
[TimeControl "180+1"]
[Date "2021.08.03"]
[WhiteClock "0:00:01"]
[BlackClock "0:00:44"]

1. e4 c6 2. Nc3 d5 3. Nf3 Bg4 4. h3 Bxf3 5. Qxf3 Nf6 6. d3 e6 7. a3 d4 8. Nb1 c5 9. g3 Nc6 10. Bg2 g6 11. h4 h5 12. Bg5 Be7 13. Nd2 e5 14. Bh3 Nh7 15. Bh6 Bf8 16. Bxf8 Kxf8 17. Be6 Qf6 18. Bd5 Rc8 19. Ke2 Kg7 20. Nc4 Qe7 21. Bxc6 Rxc6 22. a4 Nf6 23. Ra3 Ng4 24. Qg2 Re8 25. Rb3 b6 26. a5 Qc7 27. Ra1 Rf6 28. f3 Ne3 29. Nxe3 dxe3 30. axb6 axb6 31. Qg1 c4 32. Rc3 cxd3+ 33. cxd3 Qd7 34. Qxe3 Qh3 35. Qf2 Re7 36. Ra4 Rd6 37. Kd2 Red7 38. Kc2 Qh1 39. Rb4 Ra7 40. Rxb6 Ra1 41. Kb3 Qd1+ 42. Kc4 Qa4+ 43. b4 Ra2 44. Qc5 Rd4+ 45. Qxd4 exd4 46. Kxd4 Qa7 0-1


[Site "https://www.chess.com"]

[Event "Titled Tuesday Blitz August 3 2021"]
[White "Ivanisevic, Ivan"]
[Black "Wei, Yi"]
[WhiteFideId "912417"]
[BlackFideId "8603405"]
[WhiteElo "2499"]
[BlackElo "2686"]
[Result "0-1"]
[Round "11"]
[TimeControl "180+1"]
[Date "2021.08.03"]
[WhiteClock "0:00:16"]
[BlackClock "0:01:30"]

1. d4 Nf6 2. c4 e6 3. Nc3 Bb4 4. g3 d5 5. Bg2 O-O 6. Nf3 dxc4 7. O-O Nc6 8. e4 Bxc3 9. bxc3 Nxe4 10. Qc2 Nf6 11. Bg5 h6 12. Bh4 g5 13. Nxg5 hxg5 14. Bxg5 Kg7 15. Rae1 Ne7 16. Qc1 Rh8 17. Re5 Ng6 18. f4 Qd6 19. Bxf6+ Kxf6 20. Be4 Bd7 21. Qe3 Kg7 22. Rg5 f5 23. Bb1 Bc6 24. h4 Kf7 25. Kf2 Ne7 26. h5 Nd5 27. Qd2 Nf6 28. Re1 Rxh5 29. Rxh5 Nxh5 0-1


[Site "https://www.chess.com"]

[Event "Titled Tuesday Blitz August 3 2021"]
[White "Jian, Alex"]
[Black "Vusatiuk, Vladimir"]
[WhiteFideId "30901022"]
[BlackFideId "14118610"]
[WhiteElo "2111"]
[BlackElo "2167"]
[Result "0-1"]
[Round "11"]
[TimeControl "180+1"]
[Date "2021.08.03"]
[WhiteClock "0:00:29"]
[BlackClock "0:01:13"]

1. Nf3 Nf6 2. b3 g6 3. Bb2 Bg7 4. e3 O-O 5. Be2 d5 6. O-O c5 7. d3 Nc6 8. Nbd2 Re8 9. Re1 e5 10. Bf1 e4 11. dxe4 dxe4 12. Ng5 h6 13. Nh3 Bxh3 14. gxh3 Qd5 15. Nc4 Qg5+ 16. Kh1 Rad8 17. Qe2 Nd5 18. Qg4 Qe7 19. Bxg7 Kxg7 20. Rad1 h5 21. Qg3 h4 22. Qg2 Nc3 23. Rxd8 Rxd8 24. a4 a6 25. a5 Nb4 26. Qg4 f5 27. Qf4 Ncd5 28. Qe5+ Qxe5 29. Nxe5 Nxc2 30. Rc1 Ndb4 31. Bc4 Rd2 32. Kg1 Na2 33. Re1 Nxe1 34. Kf1 Nf3 35. Nxf3 exf3 36. Ke1 Rd8 0-1


[Site "https://www.chess.com"]

[Event "Titled Tuesday Blitz August 3 2021"]
[White "Kalashian, David"]
[Black "Murzin, Volodar"]
[WhiteFideId "13302418"]
[BlackFideId "44155573"]
[WhiteElo "2490"]
[BlackElo "2541"]
[Result "1/2-1/2"]
[Round "11"]
[TimeControl "180+1"]
[Date "2021.08.03"]
[WhiteClock "0:00:06"]
[BlackClock "0:00:03"]

1. e4 c6 2. d4 d5 3. Nc3 dxe4 4. Nxe4 Nf6 5. Nxf6+ exf6 6. c3 Bd6 7. Bd3 Be6 8. Qc2 Nd7 9. Ne2 Qc7 10. Bd2 O-O-O 11. O-O-O g6 12. Kb1 Rhe8 13. g3 Bf5 14. Bxf5 Rxe2 15. Bxd7+ Qxd7 16. Rhf1 Qe6 17. Qd3 Qe4 18. Qxe4 Rxe4 19. Kc2 f5 20. Kd3 Rde8 21. Rde1 Kd7 22. f3 Rxe1 23. Rxe1 Rxe1 24. Bxe1 h5 25. c4 Ke6 26. b4 f4 27. gxf4 Bxf4 28. h3 g5 29. Bf2 a6 30. a4 f5 31. Bg1 Bd6 32. b5 axb5 33. d5+ cxd5 34. cxb5 Bc7 35. Be3 g4 36. fxg4 fxg4 37. hxg4 hxg4 38. Bd2 g3 39. Ke2 b6 40. Be3 Ke5 41. Kf3 g2 42. Kxg2 Ke4 43. Bg1 Kd3 44. Kf3 Kc4 45. Ke2 Kb4 46. Kd3 Kxa4 47. Kd4 Kxb5 48. Kxd5 Bd8 49. Bxb6 1/2-1/2


[Site "https://www.chess.com"]

[Event "Titled Tuesday Blitz August 3 2021"]
[White "Khodzhamkuliev, Bahadur"]
[Black "Rodrigue-Lemieux, Shawn"]
[WhiteFideId "24135046"]
[BlackFideId "2620049"]
[WhiteElo "2130"]
[BlackElo "1763"]
[Result "0-1"]
[Round "11"]
[TimeControl "180+1"]
[Date "2021.08.03"]
[WhiteClock "0:00:38"]
[BlackClock "0:01:49"]

1. Nf3 g6 2. d4 Bg7 3. c3 b6 4. Bg5 Bb7 5. Nbd2 h6 6. Bh4 c5 7. e3 d6 8. Bb5+ Nd7 9. Qa4 a6 10. Bd3 Nf6 11. O-O O-O 12. b4 b5 13. Qd1 Rc8 14. a4 Nd5 15. bxc5 dxc5 16. axb5 Nxc3 17. Qb3 Nxb5 18. Bxb5 axb5 19. Qxb5 Bc6 20. Qa5 Qxa5 21. Rxa5 cxd4 22. Nxd4 Bxd4 23. exd4 Nf6 24. Bxf6 exf6 25. Rc5 Ba8 26. Rfc1 Rcd8 27. Nb3 Kg7 28. h4 h5 29. Rc7 Rfe8 30. Ra7 Bd5 31. Rc3 Re1+ 32. Kh2 Re4 33. g3 Re1 34. f3 Rde8 35. g4 R8e2+ 36. Kg3 hxg4 37. Kxg4 Rg1+ 38. Kf4 g5+ 0-1


[Site "https://www.chess.com"]

[Event "Titled Tuesday Blitz August 3 2021"]
[White "Kim, Sergey"]
[Black "Pacheco Lugo, Alejandro Jose"]
[WhiteFideId "13700570"]
[BlackFideId "3903745"]
[WhiteElo "2574"]
[BlackElo "2125"]
[Result "1/2-1/2"]
[Round "11"]
[TimeControl "180+1"]
[Date "2021.08.03"]
[WhiteClock "0:00:24"]
[BlackClock "0:00:10"]

1. d4 Nf6 2. c4 e6 3. Nc3 Bb4 4. Qc2 b6 5. a3 Bxc3+ 6. Qxc3 Ne4 7. Qc2 Bb7 8. Nf3 f5 9. g3 O-O 10. Bg2 d6 11. O-O Nd7 12. Ng5 Nxg5 13. Bxb7 Rb8 14. Bg2 h6 15. b4 Nf6 16. Bxg5 hxg5 17. d5 Qd7 18. dxe6 Qxe6 19. e3 g4 20. Rfd1 Rbe8 21. Rd4 Qe5 22. Rad1 g6 23. c5 dxc5 24. bxc5 bxc5 25. Rc4 Rd8 26. Rxd8 Rxd8 27. Rxc5 Rd1+ 28. Bf1 Qd6 29. Rxc7 Ne8 30. Rxa7 Kf8 31. Qc3 Nf6 32. Qc8+ Ne8 33. Qb7 Nc7 34. Qb8+ Ne8 35. Qxd6+ Nxd6 36. a4 Ne4 37. Kg2 Nd2 38. Bb5 Nf3 39. Bf1 Nd2 40. Be2 Re1 41. Bb5 Nf3 42. Bf1 Nd2 43. Bb5 Nf3 44. Bf1 Nd2 45. Bb5 1/2-1/2


[Site "https://www.chess.com"]

[Event "Titled Tuesday Blitz August 3 2021"]
[White "Krishnakumar, Sriram"]
[Black "Palchuk, Andrii"]
[WhiteFideId "30915856"]
[BlackFideId "14176688"]
[WhiteElo "2321"]
[BlackElo "2284"]
[Result "0-1"]
[Round "11"]
[TimeControl "180+1"]
[Date "2021.08.03"]
[WhiteClock "0:01:22"]
[BlackClock "0:00:47"]

1. e4 c6 2. d4 d5 3. exd5 cxd5 4. c4 Nf6 5. Nc3 e6 6. Nf3 Be7 7. cxd5 Nxd5 8. Bd3 O-O 9. O-O Nc6 10. Re1 Bf6 11. Be4 Nce7 12. h4 Nf5 13. Bg5 h6 14. Bxf6 Nxf6 15. d5 exd5 16. Bxd5 Nxd5 17. Qxd5 Nxh4 18. Ne5 Be6 19. Qxb7 Rb8 20. Qe4 Rxb2 21. Na4 Rd2 22. Nc5 Bd5 23. Qf4 Bxg2 24. Nc6 Bxc6 0-1


[Site "https://www.chess.com"]

[Event "Titled Tuesday Blitz August 3 2021"]
[White "Krivonosov, Oleg"]
[Black "Dang, Hoang Son"]
[WhiteFideId "11600349"]
[BlackFideId "12402435"]
[WhiteElo "2469"]
[BlackElo "2248"]
[Result "1/2-1/2"]
[Round "11"]
[TimeControl "180+1"]
[Date "2021.08.03"]
[WhiteClock "0:00:36"]
[BlackClock "0:01:14"]

1. Nf3 Nf6 2. c4 g6 3. Nc3 Bg7 4. e4 O-O 5. d4 d6 6. Be2 e5 7. dxe5 dxe5 8. Qxd8 Rxd8 9. Bg5 Be6 10. Nd5 Bxd5 11. cxd5 c6 12. Bc4 b5 13. Bb3 a5 14. a3 Na6 15. dxc6 Rd6 16. Bxf6 Bxf6 17. O-O Rc8 18. Bd5 Nc7 19. Rfd1 Nxd5 20. Rxd5 Rdxc6 21. g3 Rc2 22. Rxb5 Re2 23. Re1 Rcc2 24. Rxe2 Rxe2 25. Nxe5 Rxe4 26. f4 a4 27. Rb4 Re2 28. Rxa4 Rxb2 29. Ra8+ Kg7 30. Ra7 Bxe5 31. fxe5 Re2 32. Ra5 Kf8 33. a4 Ke7 34. Rb5 Ke6 35. a5 Ra2 36. g4 h5 37. gxh5 gxh5 38. h4 Ra4 39. Kg2 Rxh4 40. Rb6+ Kxe5 41. Rb5+ Kf6 42. a6 Rg4+ 43. Kf3 Ra4 44. Rxh5 Kg6 45. Rc5 Rxa6 46. Rc4 f5 47. Kf4 Re6 48. Rd4 Kf6 49. Rb4 Rd6 50. Rc4 Rb6 51. Ra4 Ke6 52. Rc4 Rb1 53. Rc6+ Kd5 54. Rc8 Rf1+ 55. Ke3 f4+ 56. Ke2 Ra1 57. Kf3 Ke5 58. Re8+ Kf5 59. Rf8+ Kg5 60. Rg8+ Kf5 61. Rf8+ Kg5 62. Rg8+ Kf5 63. Rf8+ 1/2-1/2


[Site "https://www.chess.com"]

[Event "Titled Tuesday Blitz August 3 2021"]
[White "Lazavik, Denis"]
[Black "Petesch, Gabriel"]
[WhiteFideId "13515110"]
[BlackFideId "2032465"]
[WhiteElo "2436"]
[BlackElo "2374"]
[Result "1-0"]
[Round "11"]
[TimeControl "180+1"]
[Date "2021.08.03"]
[WhiteClock "0:01:34"]
[BlackClock "0:00:04"]

1. d4 c6 2. c4 Nf6 3. Nf3 d6 4. Nc3 Bf5 5. Nh4 Bd7 6. g3 e5 7. Bg2 Be7 8. O-O O-O 9. e4 Na6 10. h3 Re8 11. Be3 Qa5 12. a3 Rad8 13. b4 Qc7 14. Qb3 exd4 15. Bxd4 Be6 16. Rac1 b5 17. Nd5 bxc4 18. Nxc7 cxb3 19. Nxa6 Rc8 20. e5 dxe5 21. Bxe5 Nd7 22. Bd4 Bf6 23. Rfd1 Ne5 24. Nc5 Bd5 25. Bxd5 cxd5 26. Bxe5 Bxe5 27. Nf3 Bf6 28. Nxb3 1-0


[Site "https://www.chess.com"]

[Event "Titled Tuesday Blitz August 3 2021"]
[White "Le, Tuan Minh"]
[Black "Praggnanandhaa R"]
[WhiteFideId "12401153"]
[BlackFideId "25059530"]
[WhiteElo "2450"]
[BlackElo "2555"]
[Result "0-1"]
[Round "11"]
[TimeControl "180+1"]
[Date "2021.08.03"]
[WhiteClock "0:00:09"]
[BlackClock "0:00:51"]

1. d4 Nf6 2. Nf3 c5 3. c3 d5 4. Bf4 Nc6 5. e3 Qb6 6. Qc2 g6 7. Nbd2 Bg7 8. Be2 O-O 9. O-O Bf5 10. dxc5 Qxc5 11. Qb3 Na5 12. Qa4 Nc6 13. Qb3 Nh5 14. Bg5 h6 15. Bh4 e5 16. Rfd1 a6 17. Nf1 Be6 18. Qc2 Rac8 19. Rac1 b5 20. Ng3 Nf6 21. Bxf6 Bxf6 22. h3 Bg7 23. Qb1 Rfd8 24. a3 Qe7 25. Bf1 f5 26. Re1 Qf7 27. Rcd1 Re8 28. Qc2 d4 29. Nd2 dxc3 30. bxc3 e4 31. Ne2 g5 32. Qb2 Bd5 33. Nd4 f4 34. Nxc6 Rxc6 35. Rc1 Rec8 36. Nb1 f3 37. g3 Be5 38. Red1 Rc5 39. Qb4 h5 40. a4 h4 41. g4 Bb8 42. Qxb5 0-1


[Site "https://www.chess.com"]

[Event "Titled Tuesday Blitz August 3 2021"]
[White "Leisch, Lukas"]
[Black "LEGENYA1998"]
[WhiteFideId "1632094"]
[WhiteElo "2247"]
[BlackElo "2397"]
[Result "1/2-1/2"]
[Round "11"]
[TimeControl "180+1"]
[Date "2021.08.03"]
[WhiteClock "0:00:08"]
[BlackClock "0:02:08"]

1. e4 Nc6 2. Nf3 d5 3. exd5 Qxd5 4. Nc3 Qa5 5. d4 Bg4 6. h3 Bxf3 7. Qxf3 O-O-O 8. d5 Nb4 9. Bd3 Nxd3+ 10. Qxd3 Nf6 11. O-O Nxd5 12. Qf5+ e6 13. Qxf7 Nxc3 14. bxc3 Qxc3 15. Qxe6+ Kb8 16. Bf4 Bd6 17. Bxd6 Rxd6 18. Qe4 Qd4 19. Qf3 Qf6 20. Qe4 h6 21. Rab1 b6 22. Rbe1 Rhd8 23. Qe7 Qxe7 24. Rxe7 R8d7 25. Rfe1 Kb7 26. f4 Rd1 27. Rxd1 Rxd1+ 28. Kh2 Rd2 29. Rxg7 Rxc2 30. f5 Rxa2 31. Kg3 Ra1 32. Kf2 Ra2+ 33. Kg1 Ra1+ 34. Kf2 Ra2+ 35. Ke3 Ra1 36. Kf2 1/2-1/2


[Site "https://www.chess.com"]

[Event "Titled Tuesday Blitz August 3 2021"]
[White "Leitao, Rafael"]
[Black "Svane, Rasmus"]
[WhiteFideId "2101246"]
[BlackFideId "4657101"]
[WhiteElo "2609"]
[BlackElo "2669"]
[Result "1-0"]
[Round "11"]
[TimeControl "180+1"]
[Date "2021.08.03"]
[WhiteClock "0:00:23"]
[BlackClock "0:00:05"]

1. c4 Nf6 2. Nc3 e5 3. Nf3 Nc6 4. e4 Bc5 5. Nxe5 Nxe5 6. d4 Bb4 7. dxe5 Nxe4 8. Qf3 Nxc3 9. bxc3 Bc5 10. Qg3 g6 11. Bd3 d5 12. Bg5 Be7 13. Bxe7 Kxe7 14. Qh4+ Kd7 15. Qf4 Ke8 16. cxd5 Qxd5 17. Bc4 Qd7 18. Rd1 Qe7 19. Bxf7+ Kf8 20. Bxg6+ Kg7 21. Be4 Rf8 22. Qg3+ Kh8 23. O-O Be6 24. f4 Rae8 25. f5 Bc4 26. f6 Qf7 27. Rf5 Rg8 28. Rg5 Rxg5 29. Qxg5 Rg8 30. Qh6 c6 31. Bf5 Bd5 32. g3 Qc7 33. Rd4 Rf8 34. Qxf8+ 1-0


[Site "https://www.chess.com"]

[Event "Titled Tuesday Blitz August 3 2021"]
[White "Leve, Nitai"]
[Black "Todev, Simeon"]
[WhiteFideId "2006898"]
[BlackFideId "2925133"]
[WhiteElo "2144"]
[BlackElo "1818"]
[Result "0-1"]
[Round "11"]
[TimeControl "180+1"]
[Date "2021.08.03"]
[WhiteClock "0:00:07"]
[BlackClock "0:00:03"]

1. e4 c5 2. Nf3 Nc6 3. d4 cxd4 4. Nxd4 e5 5. Nb3 Nf6 6. Nc3 Bb4 7. Bc4 O-O 8. O-O Bxc3 9. bxc3 Nxe4 10. Ba3 d6 11. Qd3 Bf5 12. Rae1 Qc7 13. Rxe4 Bxe4 14. Qxe4 Rad8 15. Rd1 Ne7 16. Qe2 Rfe8 17. Bb2 a6 18. Bd5 Nxd5 19. Rxd5 Qc6 20. c4 Rc8 21. Nd2 Qa4 22. Qd3 Qxa2 23. Bc3 Qa3 24. h4 b5 25. h5 b4 26. Rxd6 Qxc3 27. Qd5 Qd4 28. Qxd4 exd4 29. Rxa6 Re2 30. Nb3 Rxc2 31. Nxd4 R2xc4 32. Nf5 Rd8 33. Rb6 Rc1+ 34. Kh2 Rc5 35. g4 g6 36. hxg6 hxg6 37. Ne3 b3 38. Rxb3 Re5 39. Kg3 Rd4 40. f4 Re8 41. Ng2 Rde4 42. Rf3 Kg7 43. f5 g5 44. f6+ Kg6 45. Rf5 Rd4 46. Kh2 Re2 47. Kg3 Rd3+ 48. Rf3 Rxf3+ 49. Kxf3 Re6 50. Ne3 Rxf6+ 51. Kg3 Re6 52. Nd5 Rd6 53. Ne7+ Kf6 54. Nf5 Rd3+ 55. Kf2 Ke5 56. Ne7 Kf4 57. Nc6 Rd2+ 58. Ke1 Ra2 59. Nd8 Ke3 60. Kf1 f6 61. Ne6 Kf3 62. Nd4+ Kxg4 63. Ne2 Rxe2 64. Kxe2 Kg3 0-1


[Site "https://www.chess.com"]

[Event "Titled Tuesday Blitz August 3 2021"]
[White "Liyanage, Ranindu Dilshan"]
[Black "Zhuravlev, Alexey"]
[WhiteFideId "9915834"]
[BlackFideId "4164199"]
[WhiteElo "1839"]
[BlackElo "2483"]
[Result "0-1"]
[Round "11"]
[TimeControl "180+1"]
[Date "2021.08.03"]
[WhiteClock "0:00:05"]
[BlackClock "0:00:09"]

1. e4 c6 2. d4 d5 3. e5 Bf5 4. Nd2 e6 5. Nb3 Nd7 6. Nf3 Ne7 7. Be2 Qc7 8. O-O c5 9. dxc5 Nc6 10. Be3 Ndxe5 11. Nxe5 Qxe5 12. Bb5 Qc7 13. Nd4 Bg6 14. c4 dxc4 15. Qf3 Rc8 16. Bf4 Qa5 17. Nxc6 Qxb5 18. Nxa7 Qxc5 19. Nxc8 Qxc8 20. Rac1 b5 21. b3 Ba3 22. Rcd1 c3 23. Bc1 Be7 24. Qe2 Qc6 25. Rd4 O-O 26. Rfd1 h6 27. a4 bxa4 28. Rxa4 Bf6 29. Ba3 Rb8 30. Rc4 Qb5 31. Bb4 c2 32. Rc1 Kh7 33. R1xc2 Bxc2 34. Qxc2+ g6 35. g3 Kg7 36. Qe4 Rd8 37. Qf3 Rd5 38. Rf4 Rf5 39. Bc3 Rxf4 40. gxf4 Bxc3 41. Qxc3+ Kg8 42. Qc8+ Kg7 43. Qc3+ Kg8 44. b4 Qe2 45. Qd4 h5 46. Kg2 h4 47. Qd8+ Kg7 48. Qxh4 Qe4+ 49. Kg1 Qxb4 50. Qg3 Qe4 51. Qe3 Qb1+ 52. Kg2 Qb7+ 53. Kg3 Kh7 54. h3 Qh1 55. Qc3 Qg1+ 56. Kf3 Qh1+ 57. Kg3 Qg1+ 58. Kf3 Qh2 59. Ke2 Qxf4 60. Qc4 Qxc4+ 0-1


[Site "https://www.chess.com"]

[Event "Titled Tuesday Blitz August 3 2021"]
[White "Ljukin, Sergei"]
[Black "Firat, Burak"]
[WhiteFideId "14102200"]
[BlackFideId "6305881"]
[WhiteElo "2309"]
[BlackElo "2531"]
[Result "1-0"]
[Round "11"]
[TimeControl "180+1"]
[Date "2021.08.03"]
[WhiteClock "0:00:45"]
[BlackClock "0:00:10"]

1. e4 d5 2. exd5 Qxd5 3. Nc3 Qd8 4. d4 Nf6 5. Nf3 e6 6. Bg5 Be7 7. Bd3 a6 8. Qe2 b5 9. O-O-O Bb7 10. Rhe1 O-O 11. h4 Nbd7 12. Ne4 h6 13. Bd2 Nb6 14. Ne5 Qd5 15. Nc3 Qxd4 16. Bxh6 Qc5 17. Bg5 Nbd5 18. Nxd5 Bxd5 19. Bxf6 Bxf6 20. Nd7 Bxb2+ 21. Kxb2 Qb4+ 22. Kc1 Qa3+ 23. Kd2 Rfd8 24. Ne5 f6 25. Ng6 Bc4 26. Qe4 Kf7 27. Nf4 e5 28. Qg6+ Kf8 29. Nh5 Bxd3 30. Qxg7+ Ke8 31. Nxf6# 1-0


[Site "https://www.chess.com"]

[Event "Titled Tuesday Blitz August 3 2021"]
[White "Makhnev, Denis"]
[Black "Srihari L R"]
[WhiteFideId "13707647"]
[BlackFideId "46617116"]
[WhiteElo "2537"]
[BlackElo "2121"]
[Result "1-0"]
[Round "11"]
[TimeControl "180+1"]
[Date "2021.08.03"]
[WhiteClock "0:01:50"]
[BlackClock "0:01:25"]

1. d4 d5 2. c4 e6 3. Nf3 Nf6 4. g3 c5 5. cxd5 Nxd5 6. Bg2 Nc6 7. O-O Be7 8. Nc3 Nxc3 9. bxc3 cxd4 10. cxd4 O-O 11. e3 Rb8 12. Bb2 b6 13. Rc1 Bb7 14. Qa4 Qd7 15. Ba3 Bxa3 16. Qxa3 a5 17. Qb3 Nb4 18. a3 Bd5 19. Qb1 Qb7 20. Ng5 g6 21. e4 Ba2 22. Qa1 Nd3 23. Rc3 h6 24. Qxa2 hxg5 25. Rxd3 b5 26. d5 b4 27. axb4 axb4 28. Rb1 b3 29. Rdxb3 1-0


[Site "https://www.chess.com"]

[Event "Titled Tuesday Blitz August 3 2021"]
[White "Maksimovic, Bojan"]
[Black "Pinheiro, Iung Alicio de O."]
[WhiteFideId "14408120"]
[BlackFideId "2104350"]
[WhiteElo "2439"]
[BlackElo "2549"]
[Result "0-1"]
[Round "11"]
[TimeControl "180+1"]
[Date "2021.08.03"]
[WhiteClock "0:00:02"]
[BlackClock "0:00:20"]

1. e4 c6 2. Bc4 e5 3. Bb3 Nf6 4. d3 Bc5 5. Nf3 d6 6. O-O h6 7. c3 Bb6 8. Nbd2 O-O 9. Re1 Be6 10. Nf1 Nbd7 11. Bc2 Re8 12. Ng3 Nf8 13. h3 Ng6 14. a4 d5 15. b4 dxe4 16. dxe4 a5 17. Qe2 Bc7 18. Nf5 Nf4 19. Bxf4 exf4 20. Rad1 Qb8 21. N3d4 axb4 22. cxb4 Be5 23. b5 c5 24. Nxe6 fxe6 25. Nh4 Qc7 26. Bb3 Kh7 27. Rc1 b6 28. Qa2 Qe7 29. Nf3 Nd7 30. Rcd1 Bc7 31. e5 Nf8 32. Qc2+ Kg8 33. Qe4 g5 34. Nh2 Kg7 35. Ng4 Red8 36. h4 Rxd1 37. Rxd1 Rd8 38. Rxd8 Bxd8 39. hxg5 hxg5 40. Nh2 Qd7 41. Nf3 Be7 42. Kh2 Ng6 43. Bc2 Nf8 44. Kh3 Qd5 45. Qxd5 exd5 46. Kg4 c4 47. Kf5 Bc5 48. e6 d4 49. Ne5 d3 50. Bxd3 cxd3 51. Nxd3 Be7 52. Ne5 Nh7 53. Nc4 Bc5 54. f3 Nf6 55. Kxg5 Nd5 56. Kf5 Kf8 57. Ke5 Ne3 58. a5 Nxc4+ 59. Kd5 Nxa5 0-1


[Site "https://www.chess.com"]

[Event "Titled Tuesday Blitz August 3 2021"]
[White "Maly, Alexey"]
[Black "Indjic, Aleksandar"]
[WhiteFideId "14103184"]
[BlackFideId "911925"]
[WhiteElo "2285"]
[BlackElo "2643"]
[Result "0-1"]
[Round "11"]
[TimeControl "180+1"]
[Date "2021.08.03"]
[WhiteClock "0:00:01"]
[BlackClock "0:00:46"]

1. d4 Nf6 2. c4 c5 3. d5 e6 4. Nc3 exd5 5. cxd5 d6 6. Nf3 g6 7. Nd2 Bg7 8. g3 O-O 9. Bg2 Re8 10. O-O a6 11. a4 Nbd7 12. h3 Rb8 13. Nc4 Ne5 14. Na3 Nh5 15. Kh2 f5 16. f4 Nf7 17. Nc4 Bd7 18. a5 Bb5 19. Qb3 Bxc4 20. Qxc4 Bd4 21. Bf3 Nf6 22. Bd2 Be3 23. Be1 Nd7 24. Na4 Bd4 25. Rb1 b5 26. axb6 Nxb6 27. Qxa6 Nxa4 28. Qxa4 Rxb2 29. Rxb2 Bxb2 30. Ba5 Qe7 31. Rb1 Bd4 32. Bd2 h5 33. Qc6 Nd8 34. Qc8 Nf7 35. Qc6 h4 36. Rb7 hxg3+ 37. Kxg3 Qf8 38. Qd7 Bf6 39. Qb5 Kg7 40. Kg2 Rc8 41. Qc4 Rb8 42. Rxb8 Qxb8 43. e4 Qb2 44. Qe2 c4 45. exf5 gxf5 46. Be1 c3 47. Kg3 c2 48. Bh5 c1=Q 49. Qe6 Bh4+ 50. Kxh4 Qxf4+ 51. Bg4 Qf6+ 0-1


[Site "https://www.chess.com"]

[Event "Titled Tuesday Blitz August 3 2021"]
[White "Martin Duque, Jesus"]
[Black "Golubev, Mikhail"]
[WhiteFideId "2208954"]
[BlackFideId "14100983"]
[WhiteElo "2224"]
[BlackElo "2374"]
[Result "1-0"]
[Round "11"]
[TimeControl "180+1"]
[Date "2021.08.03"]
[WhiteClock "0:00:17"]
[BlackClock "0:00:17"]

1. Nf3 d6 2. d4 Nf6 3. e3 g6 4. Be2 Bg7 5. b3 O-O 6. Bb2 b6 7. O-O Bb7 8. c4 Ne4 9. Nc3 Nd7 10. Qc2 Ndf6 11. d5 Nxc3 12. Bxc3 e6 13. e4 Re8 14. Rfe1 exd5 15. exd5 Ne4 16. Bxg7 Kxg7 17. Bd3 Nc5 18. Rxe8 Qxe8 19. Qc3+ Kg8 20. Re1 Qf8 21. Bc2 a5 22. h4 Re8 23. h5 Rxe1+ 24. Qxe1 Bc8 25. a3 Bg4 26. hxg6 hxg6 27. b4 axb4 28. axb4 Bxf3 29. bxc5 Bg4 30. cxb6 cxb6 31. Qb4 Qh6 32. Ba4 Qc1+ 33. Kh2 Qf4+ 34. Kg1 Be2 35. Bb5 Bd3 36. Ba6 Be4 37. Qxb6 Qg4 38. f3 Bxf3 39. Qf2 Be4 40. Bb5 Kg7 41. Be8 f6 42. Qa7+ Kh6 43. Qe3+ g5 44. Qf2 Bh7 45. Qxf6+ 1-0


[Site "https://www.chess.com"]

[Event "Titled Tuesday Blitz August 3 2021"]
[White "Mekhitarian, Krikor Sevag"]
[Black "Babiy, Olga"]
[WhiteFideId "2107660"]
[BlackFideId "14117258"]
[WhiteElo "2598"]
[BlackElo "2230"]
[Result "1-0"]
[Round "11"]
[TimeControl "180+1"]
[Date "2021.08.03"]
[WhiteClock "0:00:08"]
[BlackClock "0:00:03"]

1. e4 d6 2. d4 Nf6 3. Nc3 e5 4. Nf3 Nbd7 5. g4 Nxg4 6. Rg1 Ngf6 7. Be3 c6 8. Qd2 b5 9. Bd3 Bb7 10. O-O-O Qa5 11. Kb1 h6 12. a3 O-O-O 13. Qe1 Kb8 14. Bd2 Qc7 15. d5 a6 16. dxc6 Bxc6 17. Bc1 Qb7 18. Nd2 Nc5 19. f3 a5 20. Na2 g5 21. Nb3 Nxb3 22. cxb3 a4 23. Nb4 Bd7 24. Be3 axb3 25. Rc1 Rc8 26. Qd2 Be7 27. Be2 Rxc1+ 28. Rxc1 Rc8 29. Rd1 Be6 30. Rc1 Bc4 31. Bxc4 bxc4 32. h4 gxh4 33. Bxh6 Nd7 34. Nd5 Bd8 35. Be3 Qc6 36. Nb4 Qb5 37. Qxd6+ Bc7 38. Qe7 Nb6 39. Qxf7 Na4 40. Rxc4 1-0


[Site "https://www.chess.com"]

[Event "Titled Tuesday Blitz August 3 2021"]
[White "Melikhov, Evgeny V."]
[Black "Ezat, Mohamed"]
[WhiteFideId "4122046"]
[BlackFideId "10600906"]
[WhiteElo "1965"]
[BlackElo "2414"]
[Result "0-1"]
[Round "11"]
[TimeControl "180+1"]
[Date "2021.08.03"]
[WhiteClock "0:01:48"]
[BlackClock "0:00:39"]

1. d4 Nf6 2. c4 e6 3. Nc3 Bb4 4. Qc2 d5 5. cxd5 exd5 6. Bg5 O-O 7. a3 Bxc3+ 8. Qxc3 h6 9. Bxf6 Qxf6 10. Nf3 Bg4 11. Ne5 Bf5 12. e3 c6 13. Be2 Nd7 14. Nxd7 Bxd7 15. O-O Rfc8 16. Rfc1 a5 17. b4 axb4 18. axb4 Rxa1 19. Qxa1 Qd6 20. Qa5 f5 21. g3 Re8 22. Qc5 Qf6 23. b5 f4 24. gxf4 Qg6+ 25. Kf1 Bh3+ 26. Ke1 Qg1+ 27. Kd2 Qxf2 28. Qc3 Bg4 29. Qd3 Ra8 30. bxc6 bxc6 31. Rc2 Ra1 32. Kc3 Ra3+ 0-1


[Site "https://www.chess.com"]

[Event "Titled Tuesday Blitz August 3 2021"]
[White "Mirzoev, Azer"]
[Black "Harshavardhan G B"]
[WhiteFideId "13400304"]
[BlackFideId "25059009"]
[WhiteElo "2525"]
[BlackElo "1825"]
[Result "1-0"]
[Round "11"]
[TimeControl "180+1"]
[Date "2021.08.03"]
[WhiteClock "0:00:39"]
[BlackClock "0:00:39"]

1. d4 Nf6 2. Nf3 g6 3. g3 Bg7 4. Bg2 O-O 5. O-O c5 6. c3 d5 7. Ne5 Nc6 8. Nxc6 bxc6 9. dxc5 a5 10. c4 e6 11. Nc3 Nd7 12. Na4 Qe7 13. Be3 Ba6 14. cxd5 exd5 15. Re1 Rab8 16. Rc1 Bxb2 17. Nxb2 Rxb2 18. Qa4 Bb5 19. Qxa5 Ne5 20. Bd4 Rxe2 21. Rxe2 Bxe2 22. Qc3 Nc4 23. Re1 Rb8 24. Bf1 Rb2 25. Qxb2 Nxb2 26. Rxe2 Qd8 27. Bxb2 f5 28. Re6 Qd7 29. Rd6 Qb7 30. Be5 Kf7 31. a4 Qe7 32. Bf4 Qb7 33. h4 Qb4 34. Rxc6 Qxa4 35. Rc7+ Ke6 36. Rxh7 d4 37. h5 gxh5 38. Rxh5 Qc2 39. c6 d3 40. Rh6+ Kf7 41. Rd6 d2 42. Bxd2 Ke7 43. Bf4 Kf7 44. c7 Kg7 45. Rd7+ Kg6 46. Rd8 Kh5 47. c8=Q Qxc8 48. Rxc8 Kg4 49. Be2+ Kh3 50. Rh8# 1-0


[Site "https://www.chess.com"]

[Event "Titled Tuesday Blitz August 3 2021"]
[White "Miszler, Levente"]
[Black "Dobre, Claudiu-Cristian"]
[WhiteFideId "763276"]
[BlackFideId "1211854"]
[WhiteElo "1967"]
[BlackElo "2259"]
[Result "1/2-1/2"]
[Round "11"]
[TimeControl "180+1"]
[Date "2021.08.03"]
[WhiteClock "0:00:03"]
[BlackClock "0:00:01"]

1. Nf3 d5 2. c4 c6 3. d4 Nf6 4. Nc3 e6 5. g3 Nbd7 6. Bg2 dxc4 7. O-O Be7 8. e4 e5 9. dxe5 Ng4 10. Bf4 Qa5 11. e6 fxe6 12. Nd4 Nde5 13. h3 Nf6 14. Bxe5 Qxe5 15. f4 Qc7 16. e5 Nd5 17. Ne4 O-O 18. Qh5 Qb6 19. Rfd1 Ne3 20. Rd2 Nf5 21. Rad1 Rd8 22. Nd6 Bxd6 23. exd6 g6 24. Qg5 Rxd6 25. Qf6 Bd7 26. Kh2 e5 27. Qxe5 Re8 28. Nxf5 Rxe5 29. Nxd6 Re7 30. Nxc4 Qc7 31. Ne5 Be6 32. Rd6 Kg7 33. Rxe6 Rxe6 34. Rd7+ Qxd7 35. Nxd7 Re2 36. b3 Rxa2 37. Nc5 b6 38. Ne6+ Kf6 39. Nd4 c5 40. Nb5 a5 41. Kg1 a4 42. bxa4 Rxa4 43. Bc6 Ra2 44. Nc3 Rc2 45. Nd5+ Ke6 46. Nxb6 Kd6 47. Bb5 Kc7 48. Nd5+ Kb7 49. Ne3 Rc3 50. Nd5 Rxg3+ 51. Kf2 Rxh3 52. Ne3 Rh2+ 53. Kf3 Rb2 54. Bc4 Kb6 55. Ke4 Ka5 56. Bg8 Rb4+ 57. Kd5 Rd4+ 58. Kxc5 Rxf4 59. Bxh7 g5 60. Kd5 Rf3 61. Ke4 Rf7 62. Bf5 Kb4 63. Kf3 Kc3 64. Kg4 Kd4 65. Nc2+ Ke5 66. Ne3 Rg7 67. Bd3 Rg8 68. Bc2 Rd8 69. Nf5 Rc8 70. Kxg5 Rxc2 71. Ng7 Rg2+ 72. Kh6 Kf6 73. Nh5+ Kf7 74. Kh7 Rh2 75. Kh6 1/2-1/2


[Site "https://www.chess.com"]